 Dungeon Crawl Stone Soup version 0.28.0 (webtiles) character file.

Game seed: 15511930625680748036

46 Akaron the Firebug (level 3, 0/21 HPs)
             Began as an Octopode Fire Elementalist on Feb 13, 2022.
             Succumbed to an adder's poison
             ... on level 2 of the Dungeon.
             The game lasted 00:03:39 (1857 turns).

Akaron the Firebug (Octopode Fire Elementalist)     Turns: 1857, Time: 00:03:40

Health: 0/21       AC:  1    Str:  7    XL:     3   Next: 66%
Magic:  7/7        EV: 13    Int: 19    God:
Gold:   39         SH:  0    Dex: 12    Spells: 1/7 levels left

rFire   . . .      SeeInvis +   a - +0 dagger
rCold   . . .      Faith    .   (no shield)
rNeg    . . .      Spirit   .   (helmet restricted)
rPois   .          Reflect  .   c - amulet of magic regeneration
rElec   .          Harm     .   e - ring of see invisible
rCorr   .          Rampage  .   (no ring)
Will    .....                   (no ring)
Stlth   +++.......              (no ring)
HPRegen 0.07/turn               (no ring)
MPRegen 0.50/turn               (no ring)
                                (no ring)
                                (no ring)

@: lethally poisoned (0 -> -2), hasted, very quick
A: almost no armour, amphibious, 8 rings, camouflage 1, gelatinous body 1,
(nimble swimmer 1), tentacles
a: no special abilities


You were on level 2 of the Dungeon.
You visited 1 branch of the dungeon, and saw 2 of its levels.

You collected 39 gold pieces.

Inventory:

Hand Weapons
 a - a +0 dagger (weapon)
Missiles
 d - 2 throwing nets
Jewellery
 c - an amulet of magic regeneration (around mantle)
 e - a ring of see invisible (left tentacle)


   Skills:
 + Level 2.2 Dodging
 + Level 2.8 Stealth
 + Level 2.7 Spellcasting
 + Level 1.2 Conjurations
 + Level 3.7 Fire Magic


You had one spell level left.
You knew the following spells:

 Your Spells              Type           Power      Damage    Failure   Level
a - Foxfire               Conj/Fire      44%        2x1d6     6%          1
b - Scorch                Fire           32%        2d6       5%          2
c - Conjure Flame         Conj/Fire      11%        6-21      17%         3

Your spell library contained the following spells:

 Spells                   Type           Power      Damage    Failure   Level
 Inner Flame              Hex/Fire       9%         N/A       22%         3
 Tukima's Dance           Hex            2%         N/A       43%         3
 Flame Wave               Conj/Fire      11%        2d5       50%         4
 Anguish                  Hex/Necr       1%         N/A       83%         4
 Enfeeble                 Hex            1%         N/A       100%        7


Dungeon Overview and Level Annotations

Branches:
Dungeon (2/15)

Altars:


Innate Abilities, Weirdness & Mutations

You cannot wear most types of armour.
You are amphibious.
You can wear up to eight rings at the same time.
Your skin changes colour to match your surroundings (Stealth+).
Your rubbery body absorbs attacks. (AC +1, EV +1)
((You are camouflaged when in or above water. (Stealth+)))
You have tentacles for arms and can constrict up to eight enemies at once.


Message History

You constrict the adder. The adder misses you.
You barely miss the adder. You squeeze the adder.
The adder is heavily wounded.
You constrict the adder. The adder barely misses you.
You hit the adder.
The adder is heavily wounded.
You constrict the adder. The adder bites you.
You are poisoned.
The adder poisons you!
You hit the adder.
The adder is severely wounded.
You constrict the adder.
You feel sick. The adder bites you.
You are lethally poisoned!
The adder poisons you! The adder barely misses you.
You hit the adder but do no damage.
The adder is almost dead.
You constrict the adder.
You kill the adder!
You feel very sick.
You are too injured to fight recklessly!
It was a potion of haste.
You feel yourself speed up.
* * * LOW HITPOINT WARNING * * *
You feel sick.
As you read the scroll labelled IHURYBRATIM, it crumbles to dust.
You assume a fearsome visage.
Nothing appears to happen.
It was a scroll of fear.
* * * LOW HITPOINT WARNING * * *
You feel sick.
* * * LOW HITPOINT WARNING * * *
You feel sick.
* * * LOW HITPOINT WARNING * * *
You feel sick.
* * * LOW HITPOINT WARNING * * *
You feel sick.
* * * LOW HITPOINT WARNING * * *
You feel sick.
There is a stone staircase leading down here.
* * * LOW HITPOINT WARNING * * *
You feel sick.
You die...

.....# #.#.#.#.##†#
...#.#
#...#.#>##.#####
...#.#
###########.#........#
...#.#
#...........#........#
...#.#
#.########........[..#
.#.#.# #.#
#.............
.#.#.###.#
#.>.###########
.#.#.....########...+
.#.#............@...#
.#.#.###########....#
.# #.# #....# ## #.#
.....# #.# ...#+## #.#
....# ..# ....# ....#


There were no monsters in sight!

Vanquished Creatures
  An adder (D:2)
  A dart slug (D:1)
  An endoplasm (D:1)
  2 giant cockroaches (D:1)
  3 hobgoblins
  4 jackals (D:1)
  A quokka (D:1)
  A ball python (D:1)
  6 bats
  A frilled lizard (D:1)
  3 goblins (D:1)
  3 kobolds (D:1)
  5 rats (D:1)
32 creatures vanquished.

Vanquished Creatures (others)
  67 foxfires
67 creatures vanquished.

Grand Total: 99 creatures vanquished

Notes
Turn   | Place    | Note
-------+----------+-------------------------------------------
     0 | D:1      | Akaron the Octopode Fire Elementalist began the quest for
                  | the Orb.
     0 | D:1      | Reached XP level 1. HP: 11/11 MP: 3/3
   208 | D:1      | Reached XP level 2. HP: 12/17 MP: 0/5
   687 | D:1      | Found a faded altar of an unknown god.
   810 | D:1      | Reached XP level 3. HP: 21/21 MP: 4/6
   813 | D:1      | Learned a level 2 spell: Scorch
   817 | D:1      | Learned a level 3 spell: Conjure Flame
  1856 | D:2      | HP: 1/21 [poisoned by an adder]
  1857 | D:2      | Succumbed to an adder's poison

Illustrated notes

Levels and vault maps discovered:
D:1:      elethiomel_arrival_diamonds, layout_basic,
          ebering_ecumenical_altar_abandoned
D:2:      layout_basic

Action                   || total
-------------------------++-------
Melee: Unarmed           ||     2
       Constrict         ||     4
       Dagger            ||    15
       Tentacles         ||     3
 Cast: Foxfire           ||    44
       Scorch            ||     5
  Use: Scroll            ||     1
       Potion            ||     1
Armor: Skin              ||     2
Dodge: Dodged            ||    42
